 Dungeon Crawl Stone Soup version 0.29-a0-418-gc0181ea820 (webtiles) character file.

Game seed: 13660561399024906848

800 bladeefan the Skirmisher (level 7, -8/59 HPs)
             Began as a Demonspawn Chaos Knight on May 17, 2022.
             Was a Plaything of Xom.
             Mangled by a mummy (13 damage)
             ... in an ossuary.
             The game lasted 00:07:36 (4197 turns).

bladeefan the Skirmisher (Demonspawn Chaos Knight)  Turns: 4197, Time: 00:07:37

Health: -8/59      AC: 10    Str: 14    XL:     7   Next: 59%
Magic:  7/7        EV:  7    Int: 12    God:    Xom [..*...]
Gold:   334        SH:  4    Dex: 12    Spells: 6/6 levels left

rFire   + . .      SeeInvis .   x - +0 flail (freeze)
rCold   . . .      Faith    .   (no shield)
rNeg    . . .      Spirit   .   f - +0 chain mail
rPois   .          Reflect  .   (no helmet)
rElec   .          Harm     .   (no cloak)
rCorr   .          Rampage  .   (no gloves)
Will    .....                   (no boots)
Stlth   ..........              (no amulet)
HPRegen 0.19/turn               o - ring of protection from cold
MPRegen 0.10/turn               u - ring of fire

@: attractive
A: rugged brown scales 1, spiny 1, condensation shield, talons 2, dopey 1, wild
magic 2
a: Renounce Religion


You were in an ossuary.
You worshipped Xom.
You were a toy of Xom.
You visited 1 branch of the dungeon, and saw 5 of its levels.
You also visited: Ossuary.

You collected 334 gold pieces.

Inventory:

Hand Weapons
 x - a +0 flail of freezing (weapon)
   (You took it off a gnoll on level 4 of the Dungeon)
Armour
 f - a +0 chain mail (worn)
   (You found it on level 2 of the Dungeon)
Jewellery
 o - a ring of protection from cold (left hand)
   (You found it on level 3 of the Dungeon)
 u - a ring of fire (right hand)
   (You found it on level 4 of the Dungeon)
Wands
 t - a wand of flame (19)
   (You found it on level 4 of the Dungeon)
 v - a wand of digging (6)
   (You found it on level 3 of the Dungeon)
Scrolls
 d - a scroll of fear {unknown}
 h - a scroll of immolation {!r}
 j - 2 scrolls of noise {unknown}
 l - a scroll of acquirement {unknown}
 m - 2 scrolls of fog
 s - a scroll of teleportation {unknown}
Potions
 b - a potion of ambrosia {unknown}
 g - a potion of brilliance
 i - a potion of degeneration {unknown}
 n - a potion of lignification {unknown}
 q - a potion of curing {unknown}
 r - a potion of flight {unknown}
Miscellaneous
 c - a piece from Xom's chessboard (15/15) (quivered)


   Skills:
 * Level 6.1 Fighting
 + Level 4.3 Maces & Flails
 + Level 3.8 Armour
 + Level 3.4 Dodging


You had 6 spell levels left.
You didn't know any spells.
Your spell library contained the following spells:

 Spells                   Type           Power      Damage    Failure   Level
 Foxfire                  Conj/Fire      0%         2x1d4     100%        1
 Corpse Rot               Necr/Air       0%         N/A       100%        2
 Poisonous Vapours        Pois/Air       0%         N/A       100%        2
 Call Canine Familiar     Summ           0%         N/A       100%        3
 Conjure Flame            Conj/Fire      0%         6-21      100%        3
 Inner Flame              Hex/Fire       0%         N/A       100%        3
 Portal Projectile        Hex/Tloc       0%         N/A       100%        3
 Flame Wave               Conj/Fire      0%         2d4       100%        4
 Leda's Liquefaction      Hex/Erth       0%         N/A       100%        4


Dungeon Overview and Level Annotations

Branches:
Dungeon (5/15)             Temple (0/1) D:4         Ossuary (1/1)

Altars:
Xom


Innate Abilities, Weirdness & Mutations

You are partially covered in rugged brown scales. (AC +1, +3% HP)
You are partially covered in sharp spines.
A meltable shield of frost defends you. (SH +4)
You have razor-sharp toenails.
You are dopey. (Int -2)
Your spells are harder to cast, but more powerful.


Message History

You destroy the gnoll zombie!
You barely miss the mummy. The mummy hits you but does no damage.
You sock the mummy! You freeze the mummy. Your kick misses the mummy.
A hobgoblin zombie comes into view.
The mummy closely misses you.
You hit the mummy.
You block the hobgoblin zombie's attack.
The mummy is struck by your spines. The mummy hits you!
* * * LOW HITPOINT WARNING * * *
The mummy hits you.
* * * LOW HITPOINT WARNING * * *
You feel much better.
You barely miss the mummy. You claw the mummy.
The hobgoblin zombie is struck by your spines.
The hobgoblin zombie hits you but does no damage.
You barely miss the mummy. The mummy is struck by your spines.
The mummy hits you! The mummy hits you but does no damage.
The hobgoblin zombie is struck by your spines.
The hobgoblin zombie hits you.
You sock the mummy! You freeze the mummy.
You destroy the mummy!
The mummy completely misses you. The hobgoblin zombie hits you.
You hit the hobgoblin zombie. The mummy hits you.
You hit the hobgoblin zombie.
The hobgoblin zombie hits you but does no damage.
The mummy hits you!
* * * LOW HITPOINT WARNING * * *
You hit the hobgoblin zombie.
You destroy the hobgoblin zombie!
The mummy hits you.
* * * LOW HITPOINT WARNING * * *
The mummy hits you but does no damage. The mummy hits you!
* * * LOW HITPOINT WARNING * * *
You hit the hobgoblin zombie.
You destroy the hobgoblin zombie!
The mummy hits you!
* * * LOW HITPOINT WARNING * * *
Okay, then.
It was a potion of attraction.
You feel attractive to monsters. The mummy hits you.
* * * LOW HITPOINT WARNING * * *
The mummy hits you but does no damage.
It was a potion of mutation.
You feel extremely strange.
You feel stupid.
Your fingernails shrink to normal size.
You feel stupid.
The orc zombie is struck by your spines.
The orc zombie hits you but does no damage.
The mummy hits you!
You die...
Xom cackles wildly!

...........
........#
......#
#....#
#....#
#....#
#....#
#ZM..#
#@MZ.#
#.M..#
#....#
#.∩∩.#
######


You could see 3 mummies, a hobgoblin zombie and an orc zombie.

Vanquished Creatures
  A phantom (D:4)
  A gnoll sergeant (D:5)
  2 scorpions (D:5)
  The ghost of deadleaves the Grave Robber, a weakling HONe (D:4)
  A howler monkey (D:4)
  A jelly (D:5)
  A gnoll shaman (D:5)
  An orc priest (D:4)
  2 iguanas (D:4)
  2 mummies
  14 gnolls
  8 adders
  An ufetubus (D:5)
  A worm (D:3)
  3 dart slugs
  4 orcs
  4 bats (D:1)
  7 endoplasms
  4 giant cockroaches
  2 gnoll zombies (Ossuary)
  5 goblins
  6 hobgoblins
  7 jackals
  5 kobolds
  3 quokkas
  7 ball pythons
  3 frilled lizards
  3 hobgoblin zombies (Ossuary)
  2 kobold zombies (D:5)
  An orc zombie (Ossuary)
  4 rats
107 creatures vanquished.

Notes
Turn   | Place    | Note
-------+----------+-------------------------------------------
     0 | D:1      | bladeefan the Demonspawn Chaos Knight began the quest for
                  | the Orb.
     0 | D:1      | Reached XP level 1. HP: 18/18 MP: 1/1
    74 | D:1      | XOM: divination: detect creatures
   190 | D:1      | Reached skill level 1 in Dodging
   246 | D:1      | XOM: silly message
   265 | D:1      | XOM: stat loss: -1 Int (12/13)
   315 | D:1      | Gained mutation: You are partially covered in sharp spines.
                  | [demonic ancestry]
   315 | D:1      | Reached XP level 2. HP: 24/24 MP: 2/2
   510 | D:1      | XOM: god gift: 51 gold pieces
   543 | D:1      | Found a faded altar of an unknown god.
   742 | D:1      | XOM: give mutations
   742 | D:1      | Gained mutation: You have an increased reservoir of magic.
                  | (+10% MP) [Xom's grace]
   742 | D:1      | Gained mutation: Your spells are a little harder to cast,
                  | but a little more powerful. [Xom's grace]
   742 | D:1      | Gained mutation: You have sharp fingernails. [Xom's grace]
   742 | D:1      | Gained mutation: Your spells are harder to cast, but more
                  | powerful. [Xom's grace]
   757 | D:1      | Reached XP level 3. HP: 23/29 MP: 3/3
  1394 | D:2      | XOM: scenery: create altars
  1665 | D:2      | XOM: god gift: 12 stones
  1785 | D:2      | XOM: give mutations
  1785 | D:2      | Gained mutation: You have hidden genetic potential. [Xom's
                  | grace]
  1785 | D:2      | Gained mutation: Your mind is acute. (Int +2) [Xom's grace]
  1839 | D:3      | Gained mutation: A meltable shield of frost defends you.
                  | (SH +4) [demonic ancestry]
  1839 | D:3      | Reached XP level 4. HP: 37/37 MP: 4/4
  1988 | D:3      | Reached skill level 4 in Fighting
  2353 | D:3      | XOM: god gift: scroll labelled RYNOGOF VELOO {god gift}
  2573 | D:4      | Gained mutation: You have sharp toenails. [hidden
                  | potential]
  2608 | D:4      | Gained mutation: You are partially covered in rugged brown
                  | scales. (AC +1, +3% HP) [demonic ancestry]
  2608 | D:4      | Reached XP level 5. HP: 28/44 MP: 5/5
  2637 | D:4      | Gained mutation: You have razor-sharp toenails. [hidden
                  | potential]
  2637 | D:4      | Lost mutation: You have hidden genetic potential. [hidden
                  | potential expressed]
  2681 | D:4      | Noticed a phantom
  2685 | D:4      | XOM: cast spell 'Summon Mana Viper'
  2687 | D:4      | Killed a phantom
  2688 | D:4      | Reached XP level 6. HP: 34/51 MP: 6/6
  2752 | D:4      | XOM: god gift: 6 gold pieces
  2857 | D:4      | XOM: silly message
  2868 | D:4      | Reached skill level 5 in Fighting
  2929 | D:4      | XOM: divination: detect creatures
  3039 | D:4      | Found a runed translucent door.
  3070 | D:4      | Noticed deadleaves's ghost (weakling HONe)
  3078 | D:4      | Found a staircase to the Ecumenical Temple.
  3385 | D:4      | XOM: give mutation
  3385 | D:4      | Lost mutation: You have an increased reservoir of magic.
                  | (+10% MP) [Xom's mischief]
  3555 | D:4      | Killed deadleaves's ghost
  3584 | D:5      | Entered Level 5 of the Dungeon
  3650 | D:5      | XOM: cast spell 'Statue Form'
  3667 | D:5      | Reached XP level 7. HP: 44/57 MP: 7/7
  3836 | D:5      | XOM: silly message
  3875 | D:5      | XOM: silly message
  4086 | D:5      | Reached skill level 6 in Fighting
  4126 | D:5      | Found a sand-covered staircase.
  4134 | Ossuary  | Entered an ossuary
  4197 | Ossuary  | Lost mutation: Your mind is acute. (Int +2) [potion of
                  | mutation]
  4197 | Ossuary  | Lost mutation: You have sharp fingernails. [potion of
                  | mutation]
  4197 | Ossuary  | Gained mutation: You are dopey. (Int -2) [potion of
                  | mutation]
  4197 | Ossuary  | Mangled by a mummy

Illustrated notes

Levels and vault maps discovered:
D:1:      zaba_arrival_water, layout_loops_ring,
          hellmonk_ecumenical_altar_slurped_away
D:2:      layout_basic, kennysheep_cluttered_room,
          minmay_fractal_squares_gapless_5
D:3:      layout_basic
D:4:      kennysheep_big_flooded_room, layout_loops_ring, temple_statues,
          ebering_ghost_reflecting_pool
D:5:      layout_basic, nicolae_ossuary_entry_giza,
          chequers_serial_rivers_small_3, kennysheep_generic_room_3
Ossuary:  ossuary_tomb_3

Skill      XL: |  1  2  3  4  5  6  7 |
---------------+----------------------+-----
Dodging        | 1 2 3 |  3.4
Armour         | 2 3 |  3.8
Maces & Flails | 3 4 |  4.3
Fighting       | 4 5 6 |  6.1

Action                   |  1- 3 |  4- 6 |  7- 9 || total
-------------------------+-------+-------+-------++-------
Melee: Mace              |    72 |    55 |       ||   127
       Punch             |     2 |     3 |     1 ||     6
       Kick              |       |    21 |    15 ||    36
       Flail             |       |    53 |    55 ||   108
  Use: Scroll            |     4 |     5 |       ||     9
       Potion            |     1 |       |     4 ||     5
Armor: Leather armour    |    23 |       |       ||    23
       Chain mail        |     8 |    52 |    24 ||    84
       Skin              |       |     4 |     4 ||     8
Dodge: Dodged            |    48 |    39 |    25 ||   112
Block: Other             |       |    26 |     5 ||    31

Table legend: (Time is in decaauts)
 A = Elapsed time spent in this place.
 B = Non-inter-level travel time spent in this place.
 C = Inter-level travel time spent in this place.
 D = Time resting spent in this place.
 E = Time spent auto-exploring this place.
 F = Levels seen in this place.
 G = Mean time per level.
                   A        B        C        D        E       F      G
               +--------+--------+--------+--------+--------+-----+--------+
         Total |   4265 |   4185 |     80 |     57 |   3333 |   6 |  710.8 |
       Dungeon |   4199 |   4119 |     80 |     30 |   3333 |   5 |  839.8 |
       Ossuary |     66 |     66 |      0 |     27 |      0 |   1 |   66.0 |
               +--------+--------+--------+--------+--------+-----+--------+

Top non-repeatable levels by time:
     D:4: 1116 daAuts
     D:2: 948 daAuts
     D:1: 897 daAuts
     D:3: 666 daAuts
     D:5: 570 daAuts
 Ossuary: 66 daAuts
